 Dungeon Crawl Stone Soup version 0.19.0-19-g8c6edcc (webtiles) character file.

6986 tizzy the Bludgeoner (level 11, -7/100 HPs)
             Began as an Ogre Hunter on Nov 13, 2016.
             Was an Elder of Dithmenos.
             Mangled by a yak (11 damage)
             ... on level 11 of the Dungeon on Nov 14, 2016.
             The game lasted 00:34:25 (13589 turns).

tizzy the Bludgeoner (Ogre Hunter)                 Turns: 13589, Time: 00:34:25

Health: -7/100     AC:  6    Str: 17    XL:     11   Next: 8%
Magic:  11/11      EV: 10    Int: 12    God:    Dithmenos [****..]
Gold:   697        SH:  4    Dex: 13    Spells: 3 memorised, 5 levels left

rFire  . . .     SeeInvis +     z - +1 dire flail
rCold  . . .     Gourm    .     b - +0 robe
rNeg   . . .     Faith    .     (shield currently unavailable)
rPois  +         Spirit   .     (helmet restricted)
rElec  +         Reflect  +     d - +2 cloak of Prudence {-Cast rElec MR+ Stlth+}
rCorr  .         Harm     .     (gloves unavailable)
MR     ++...     NoCast   +     (boots unavailable)
Stlth  +++++++++.               p - +4 amulet of reflection
                                k - ring of the Marlin {rPois Str-5 Int+2 SInv Stlth+}
                                C - +3 ring of strength

@: very slightly contaminated, hasted, wreathed by umbra, very quick
A: unfitting armour, tough skin 1
a: Shadow Step, Renounce Religion


You were on level 11 of the Dungeon.
You worshipped Dithmenos.
Dithmenos was greatly pleased with you.
You were very hungry.

You visited 2 branches of the dungeon, and saw 12 of its levels.
You also visited: Bailey.

You collected 697 gold pieces.

Inventory:

Hand Weapons
 z - a +1 dire flail (weapon)
 J - a +0 blowgun
 K - a +0 club
 L - a cursed +0 blowgun
Missiles
 i - 4 curare-tipped needles
 l - 69 poisoned needles
 r - 6 tomahawks (quivered)
Armour
 b - a +0 robe (worn)
 d - the +2 cloak of Prudence (worn) {-Cast rElec MR+ Stlth+}
   (You found it in a bailey)

   It insulates you from electricity.
   It affects your resistance to hostile enchantments.
   It prevents spellcasting.
   It makes you more stealthy.
 v - a +1 cloak
 M - the +1 shield of Conscience {+Fly rPois rF+ Regen+, unknown}
   (You found it on level 11 of the Dungeon)

   It protects you from fire.
   It protects you from poison.
   It lets you fly.
   It increases your rate of regeneration.
Jewellery
 c - an uncursed ring of ice
 k - the ring of the Marlin (right hand) {rPois Str-5 Int+2 SInv Stlth+}
   (You found it on level 11 of the Dungeon)

   [ring of stealth]

   It affects your strength (-5).
   It affects your intelligence (+2).
   It protects you from poison.
   It lets you see invisible.
   It makes you more stealthy.
 p - a +4 amulet of reflection (around neck)
 y - an uncursed ring of wizardry
 C - a +3 ring of strength (left hand)
 I - the ring of Empeh {Fire Str-3 Int+2 Dex+2}
   (You found it on level 8 of the Dungeon)

   [ring of fire]

   It enhances your fire magic.
   It affects your strength (-3).
   It affects your intelligence (+2).
   It affects your dexterity (+2).
   It protects you from fire.
   It makes you vulnerable to cold.
Scrolls
 h - 9 scrolls of remove curse
 q - 3 scrolls of teleportation
 s - 5 scrolls of identify
 w - a scroll of recharging
 x - 2 scrolls of fog
Potions
 a - a potion of agility
 e - a potion of lignification {unknown}
 m - 2 potions of curing
 n - a potion of might {unknown}
 o - a potion of degeneration {unknown}
 t - a potion of mutation
 u - a potion of resistance {unknown}
 E - a potion of ambrosia {unknown}
Books
 B - a book of Party Tricks

   Spells                             Type                      Level
   a - Summon Butterflies             Summoning                    1
   b - Apportation                    Translocation                1
   c - Lesser Beckoning               Translocation                3
   d - Tukima's Dance                 Hexes                        3
   e - Alistair's Intoxication        Transmutation/Poison         5
   f - Invisibility                   Hexes                        6
Comestibles
 f - 6 bread rations
 j - 6 meat rations
 A - 4 fruits
 F - 3 slices of pizza


   Skills:
 + Level 4.0 Fighting
 + Level 16.1 Maces & Flails
 - Level 4.0 Throwing
 + Level 2.1 Dodging
 + Level 8.2 Stealth


You had 5 spell levels left.
You knew the following spells:

 Your Spells              Type           Power        Failure   Level  Hunger
a - Apportation           Tloc           #.........   34%         1    ##.....
b - Lesser Beckoning      Tloc           #.........   88%         3    ####...
c - Summon Butterflies    Summ           #.......     34%         1    ##.....


Dungeon Overview and Level Annotations

Branches:
Dungeon (11/15)            Temple (1/1) D:5            Lair (0/6) D:10
    Orc: D:9-12

Altars:
Ashenzari
Cheibriados
Dithmenos
Elyvilon
Fedhas
Gozag
Hepliaklqana
Kikubaaqudgha
Makhleb
Nemelex Xobeh
Okawaru
Qazlal
Ru
Sif Muna
Trog
Uskayaw
Vehumet
Xom
Yredelemnul
Zin
The Shining One

Shops:
D:8 %

Annotations:
D:2 Terence


Innate Abilities, Weirdness & Mutations

You are too large for most types of armour.
You have tough skin. (AC +1)


Message History

The yak is heavily wounded.
The yak closely misses you. The yak gores you.
* * * LOW HITPOINT WARNING * * *
You closely miss the yak.
The yak is heavily wounded.
Your shadow barely misses the yak.
You hit the yak.
The yak is heavily wounded.
The yak gores you!
* * * LOW HITPOINT WARNING * * *
The yak gores you.
* * * LOW HITPOINT WARNING * * *
It was a potion of cure mutation.
It has a very clean taste.
The yak gores you.
* * * LOW HITPOINT WARNING * * *
The yak barely misses you.
You feel yourself speed up. The yak barely misses you. The yak gores you!
* * * LOW HITPOINT WARNING * * *
You are very lightly contaminated with residual magic.
The yak gores you!
You die...

......................#....#
......................'....#
......................#....#
......................#....#
+########'#########.....######
.......#....#.....#......#
.......'....#.....'......#
.......#....#...Y.#......#
.......#....#..@Y.#.Y....#
#########....#######.Y....#
........#....#.....#......#
....(.).#....#.....###†####
........#....#.....#......#
........#....#.....#......#
'########....#.....#......###+###
.............#.....#............#
.............'.....#............#


You could see 2 yaks.

Vanquished Creatures
  2 two-headed ogres
  A human (D:10)
  6 yaks
  A hungry ghost (D:10)
  A mottled dragon (D:11)
  A warg (D:10)
  A water moccasin (D:10)
  3 ice beasts
  2 orc warriors
  A sky beast (D:8)
  4 ogres
  A necrophage (D:8)
  8 centaurs
  3 big kobolds
  9 bullfrogs
  6 scorpions
  8 killer bees
  3 wights (D:9)
  2 howler monkeys
  2 bullfrog zombies
  4 crimson imps
  A quasit (D:11)
  2 jellies
  7 hounds
  8 orc priests
  3 bullfrog skeletons
  Crazy Yiuf (D:2)
  Jessica (D:3)
  Natasha (twice) (D:3)
  4 iguanas
  13 orc wizards
  5 worker ants
  2 hound skeletons (D:6)
  A howler monkey skeleton (D:5)
  7 gnolls
  8 adders
  A shadow imp (D:3)
  2 adder zombies (D:5)
  An adder skeleton (D:8)
  3 worms
  6 dart slugs
  2 leopard geckos
  43 orcs
  2 ball pythons
  6 giant cockroaches
  9 hobgoblins
  13 jackals
  16 kobolds
  4 bats
  6 frilled lizards
  12 goblins
  8 rats
268 creatures vanquished.

Notes
Turn   | Place    | Note
-------+----------+-------------------------------------------
     0 | D:1      | tizzy the Ogre Hunter began the quest for the Orb.
     0 | D:1      | Reached XP level 1. HP: 22/22 MP: 1/1
   174 | D:1      | Reached skill level 1 in Stealth
   180 | D:1      | Reached XP level 2. HP: 11/31 MP: 2/2
   952 | D:1      | Reached XP level 3. HP: 33/39 MP: 3/3
  1330 | D:2      | Reached skill level 1 in Maces & Flails
  1790 | D:2      | Reached skill level 2 in Maces & Flails
  1790 | D:2      | Reached XP level 4. HP: 48/48 MP: 4/4
  1888 | D:2      | Found a runed door.
  1942 | D:2      | Noticed Terence
  2160 | D:2      | Found a faded altar of an unknown god.
  2242 | D:2      | Noticed Crazy Yiuf
  2245 | D:2      | Killed Crazy Yiuf
  2245 | D:2      | Reached skill level 3 in Maces & Flails
  2331 | D:3      | Reached XP level 5. HP: 54/54 MP: 5/5
  2333 | D:3      | Noticed Jessica
  2346 | D:3      | Killed Jessica
  2351 | D:3      | Reached skill level 4 in Maces & Flails
  2847 | D:3      | Noticed Natasha
  2848 | D:3      | Killed Natasha
  2848 | D:3      | Reached skill level 5 in Maces & Flails
  2848 | D:3      | Reached XP level 6. HP: 60/62 MP: 6/6
  3155 | D:4      | Reached skill level 6 in Maces & Flails
  3458 | D:3      | Reached XP level 7. HP: 47/68 MP: 7/7
  3480 | D:3      | Reached skill level 7 in Maces & Flails
  3830 | D:3      | Noticed Natasha
  3831 | D:3      | Killed Natasha
  4596 | D:5      | Entered Level 5 of the Dungeon
  4650 | D:5      | Found a staircase to the Ecumenical Temple.
  4703 | Temple   | Entered the Ecumenical Temple
  4732 | Temple   | Became a worshipper of Dithmenos the Shadowed
  5029 | D:5      | Reached skill level 8 in Maces & Flails
  5247 | D:5      | Reached XP level 8. HP: 54/78 MP: 8/8
  5251 | D:5      | Reached skill level 9 in Maces & Flails
  5698 | D:6      | Reached * piety under Dithmenos
  5741 | D:6      | Reached skill level 10 in Maces & Flails
  5925 | D:6      | Reached skill level 5 in Stealth
  6259 | D:6      | Reached skill level 11 in Maces & Flails
  6259 | D:6      | Reached XP level 9. HP: 72/84 MP: 9/9
  7271 | D:7      | Reached skill level 12 in Maces & Flails
  7349 | D:8      | Got a vibrating iron ring
  7400 | D:8      | Identified the ring of Empeh {Fire Str-3 Int+2 Dex+2} (You found it on level 8 of the Dungeon)
  7673 | D:8      | Reached ** piety under Dithmenos
  7877 | D:8      | Noticed a two-headed ogre
  7888 | D:8      | Killed a two-headed ogre
  8068 | D:8      | Reached skill level 13 in Maces & Flails
  8306 | D:8      | Found Zuseceg's Food Shop.
  8627 | D:8      | Reached XP level 10. HP: 91/91 MP: 10/10
  9087 | D:9      | Reached skill level 14 in Maces & Flails
  9234 | D:9      | Found a flagged portal.
  9241 | Bailey   | Entered a bailey
  9558 | Bailey   | Noticed an orc knight
  9558 | Bailey   | Noticed an orc knight
 10261 | Bailey   | Got an ancient cloak
 10419 | Bailey   | Identified the +2 cloak of Prudence {-Cast rElec MR+ Stlth+} (You found it in a bailey)
 11145 | D:9      | Found a basalt altar of Yredelemnul.
 11164 | D:9      | Reached *** piety under Dithmenos
 11197 | D:9      | Reached skill level 15 in Maces & Flails
 11314 | D:10     | Entered Level 10 of the Dungeon
 11737 | D:10     | Found a staircase to the Lair.
 12045 | D:11     | Learned a level 1 spell: Apportation
 12049 | D:11     | Learned a level 3 spell: Lesser Beckoning
 12051 | D:11     | Learned a level 1 spell: Summon Butterflies
 12068 | D:11     | Got a slimy golden ring
 12070 | D:11     | Identified the ring of the Marlin {rPois Str-5 Int+2 SInv Stlth+} (You found it on level 11 of the Dungeon)
 12426 | D:10     | Reached **** piety under Dithmenos
 12431 | D:10     | Noticed an unseen horror
 12512 | D:10     | Noticed a hill giant
 12701 | D:11     | Found a bloodstained altar of Trog.
 12786 | D:10     | Reached XP level 11. HP: 90/98 MP: 11/11
 13084 | D:11     | Reached skill level 16 in Maces & Flails
 13512 | D:11     | Got a pitted shield
 13588 | D:11     | HP: 4/100 [yak (8)]
 13589 | D:11     | Mangled by a yak

Skill      XL: |  1  2  3  4  5  6  7  8  9 10 11 |
---------------+----------------------------------+-----
Fighting       | 3 4 |  4.0
Stealth        | 1 2 3 4 5 6 8 |  8.2
Maces & Flails | 2 3 5 6 8 11 13 15 16 | 16.1
Dodging        | 2 |  2.1
Throwing       | |  4.0

Action                   |  1- 3 |  4- 6 |  7- 9 | 10-12 || total
-------------------------+-------+-------+-------+-------++-------
Melee: Short sword       |    67 |       |       |       ||    67
       Mace              |    45 |   125 |    29 |       ||   199
       Dire flail        |       |       |   297 |   320 ||   617
Throw: Large rock        |     8 |    23 |    36 |    14 ||    81
       Throwing net      |       |     4 |     3 |       ||     7
       Tomahawk          |       |       |    12 |    10 ||    22
       Javelin           |       |       |       |    40 ||    40
  Use: Scroll            |       |       |    16 |     2 ||    18
       Potion            |       |       |     2 |     5 ||     7
 Stab: Sleeping          |     2 |     6 |    11 |    12 ||    31
       Held in net/web   |       |     1 |       |       ||     1
       Distracted        |       |       |     1 |     2 ||     3
  Eat: Chunk             |     2 |     6 |    17 |    12 ||    37
       Royal jelly       |       |       |       |     1 ||     1
       Fruit             |       |       |       |     1 ||     1
Armor: Robe              |    28 |    28 |    61 |    49 ||   166
Dodge: Dodged            |    67 |    59 |   107 |   146 ||   379
Block: Other             |     7 |    22 |    51 |    38 ||   118
       Reflection        |       |       |     2 |     2 ||     4
